 Dungeon Crawl Stone Soup version 0.24-a0-630-g0d56a851f4 (webtiles) character file.

Game seed: 11509692694107349329, levelgen mode: deterministic

4810 KapersCrawl the Destroyer (level 10, -5/56 HPs)
             Began as an Octopode Conjurer on Sept 18, 2019.
             Was an Initiate of Gozag.
             Slain by a vampire (7 damage)
             ... on level 10 of the Dungeon on Sept 19, 2019.
             The game lasted 00:58:21 (16627 turns).

KapersCrawl the Destroyer (Octopode Conjurer)      Turns: 16627, Time: 00:58:22

Health: -5/56      AC:  1    Str:  7    XL:     10   Next: 48%
Magic:  16/28      EV: 17    Int: 25    God:    Gozag
Gold:   996        SH:  0    Dex: 12    Spells: 5/21 levels left

rFire    + + .     SeeInvis .   a - +0 halberd
rCold    . . .     Gourm    .   (shield currently unavailable)
rNeg     . . .     Faith    .   (helmet restricted)
rPois    .         Spirit   .   H - amulet of harm
rElec    .         Reflect  .   h - ring of protection from fire
rCorr    .         Harm     +   k - +4 ring of evasion
MR       .....                  M - ring of magical power
Stlth    ++++......             C - ring of wizardry
HPRegen  0.18/turn              E - ring of protection from cold
MPRegen  0.21/turn              O - ring of Rukolel {Fire Int+3}
                                (no ring)
                                (no ring)

@: no status effects
A: almost no armour, stealthy swim, amphibious, 8 rings, constrict 8, camouflage
1, gelatinous body 1
a: Potion Petition, Call Merchant, Bribe Branch, Renounce Religion


You were on level 10 of the Dungeon.
You worshipped Gozag.
Gozag was pleased with you.
You were not hungry.

You visited 2 branches of the dungeon, and saw 11 of its levels.

You collected 1724 gold pieces.
You spent 196 gold pieces at shops.
You paid 532 gold pieces to Gozag.

Inventory:

Hand Weapons
 a - a +0 halberd (weapon)
 b - a +2 hunting sling of velocity
 w - a +1 short sword of electrocution
Missiles
 d - 6 javelins (quivered)
 g - 35 poisoned darts
 v - 231 stones
 x - 33 sling bullets
Jewellery
 h - a ring of protection from fire (left tentacle)
 k - a +4 ring of evasion (right tentacle)
 y - an uncursed amulet of regeneration
 C - a ring of wizardry (on tentacle)
 E - a ring of protection from cold (on tentacle)
 H - an amulet of harm (around mantle)
 M - a ring of magical power (on tentacle)
 O - the ring of Rukolel (on tentacle) {Fire Int+3}
   (You found it on level 10 of the Dungeon)

   [ring of fire]

   It enhances your fire magic.
   It affects your intelligence (+3).
   It protects you from fire.
   It makes you vulnerable to cold.
Wands
 l - a wand of paralysis (2)
 G - a wand of disintegration (16)
 J - a wand of iceblast (10)
 N - a wand of scattershot (6)
 P - a wand of acid (5)
Scrolls
 f - 3 scrolls of enchant armour
 i - 2 scrolls of amnesia
 n - a scroll of teleportation {unknown}
 q - 4 scrolls of enchant weapon
 r - a scroll of noise {unknown}
 u - 2 scrolls of fear
 A - a scroll of magic mapping {unknown}
 D - a scroll of remove curse
 F - a scroll of immolation {unknown}
 I - a scroll of brand weapon {unknown}
 L - a scroll of blinking
Potions
 c - a potion of invisibility {unknown}
 j - a potion of ambrosia
 m - a potion of might
 o - 4 potions of agility
 p - 3 potions of mutation {unknown}
 s - a potion of resistance
 t - a potion of heal wounds
 z - 4 potions of lignification {unknown}
 B - 2 potions of haste {unknown}
 K - a potion of degeneration {unknown}
Comestibles
 e - 7 rations


   Skills:
 - Level 4.1(4.2) Slings
 - Level 1.0(2.7) Throwing
 - Level 2.0 Dodging
 - Level 6.1 Stealth
 - Level 6.0 Spellcasting
 - Level 8.0 Conjurations
 - Level 8.0 Hexes
 - Level 4.2 Summonings
 + Level 5.0 Evocations


You had 5 spell levels left.
You knew the following spells:

 Your Spells              Type           Power        Failure   Level  Hunger
a - Magic Dart            Conj           ####         1%          1    None
b - Searing Ray           Conj           #####.       1%          2    None
c - Dazzling Spray        Conj/Hex       #####.       1%          3    None
d - Fulminant Prism       Conj/Hex       #####.....   1%          4    ###....
e - Call Imp              Summ           ####....     1%          2    None
f - Summon Lightning Spi  Summ/Air       ###.....     12%         4    ###....

Your spell library contained the following spells:

 Spells                   Type           Power        Failure   Level  Hunger
 Summon Small Mammal      Summ           ####         1%          1    None
 Call Canine Familiar     Summ           ####....     1%          3    None
 Stone Arrow              Conj/Erth      ####..       1%          3    None
 Summon Guardian Golem    Hex/Summ       #####...     1%          3    None
 Iskenderun's Mystic Bla  Conj           #####...     1%          4    ###....
 Animate Skeleton         Necr           N/A          3%          1    None
 Beastly Appendage        Tmut           #.....       3%          1    None
 Pain                     Necr           #...         3%          1    None
 Sandblast                Erth           #.....       3%          1    None
 Passwall                 Tmut/Erth      #.......     4%          2    None
 Sticks to Snakes         Tmut           #.......     4%          2    None
 Force Lance              Conj/Tloc      ####....     6%          4    ###....
 Regeneration             Chrm/Necr      #.........   9%          3    None
 Spider Form              Tmut/Pois      #.........   9%          3    None
 Vampiric Draining        Necr           #.........   9%          3    None
 Summon Ice Beast         Ice/Summ       ###.....     12%         4    ###....
 Animate Dead             Necr           N/A          28%         4    ###....
 Ice Form                 Ice/Tmut       #.......     28%         4    ###....
 Petrify                  Tmut/Erth      #.......     28%         4    ###....
 Blade Hands              Tmut           #.........   58%         5    #####..
 Lee's Rapid Deconstruct  Erth           #.........   58%         5    #####..


Dungeon Overview and Level Annotations

Branches:
Dungeon (10/15)            Temple (1/1) D:4
   Lair: D:8-11         Orc: D:9-12

Altars:
Ashenzari
Cheibriados
Dithmenos
Elyvilon
Fedhas
Gozag
Hepliaklqana
Kikubaaqudgha
Makhleb
Nemelex Xobeh
Okawaru
Qazlal
Ru
Sif Muna
Trog
Uskayaw
Vehumet
Wu Jian
Xom
Yredelemnul
Zin
The Shining One

Shops:
D:7 !

Annotations:
D:2 exclusion: downstairs
D:5 exclusion: door
D:6 exclusion: downstairs
D:7 1 runed translucent door, Crazy Yiuf
D:10 larifari's ghost, journeyman FoAM


Innate Abilities, Weirdness & Mutations

You cannot wear most types of armour.
You are very stealthy in the water. (Stealth+)
You are amphibious.
You can wear up to eight rings at the same time.
You can use your tentacles to constrict eight enemies at once.
Your skin changes colour to match your surroundings (Stealth+).
Your rubbery body absorbs attacks. (AC +1, EV +1)


Message History

The bolt of electricity hits something.
Casting: Magic Dart (safe; 1% risk of failure)
Confirm with . or Enter, or press ? or * to list all spells.
Aiming: Magic Dart (safe; 1% risk of failure)
Press: ? - help, Shift-Dir - straight line, f/p - orc warrior
Aim: an orc warrior, wielding a +0 halberd and wearing a +0 chain mail (almost dead)
The magic dart hits the orc warrior.
You kill the orc warrior!
Your Evocations skill increases to level 5!
Your lightning spire disappears in a puff of smoke!
Something completely misses you. Something barely misses you.
You hear some strange, mumbled words.
You are confused.
You're too confused to move!
You feel less confused. Something hits you!
* * * LOW HITPOINT WARNING * * *
Something bites you.
You die...
Your body crumbles into a pile of gold.

.....#..#.# #...... ....##..#.#
>§.? #..##..##.# #§## ####...#..#
#$.## # ......##.## ##.$# .
......#[.# #########.## #######
.....##..###.......$..#####.....#
'''###................#.....###.#
.......#.###....@.......###.# #.#
.#.....+.# #......>...### #.# #.#
.'.....### #..........# #.# #..
.#.....# #..........# #.# #.#
##.....# #..........# #.#...#
#.....# #..........# #.#.###
#.....# #..........# #.#. .
####### ############ # # #


There were no monsters in sight!

Vanquished Creatures
  A troll (D:9)
  2 hippogriffs
  Grum (D:8)
  A hungry ghost (D:7)
  A water moccasin (D:10)
  An orc warrior (D:10)
  Duvessa (D:5)
  3 phantoms
  A necrophage (D:7)
  A black bear (D:6)
  3 ice beasts
  3 ogres
  3 wolves (D:8)
  2 centaurs (D:8)
  A crocodile (D:7)
  4 bullfrogs
  3 scorpions
  Dowan (D:5)
  5 killer bees (D:7)
  2 howler monkeys
  4 crimson imps
  4 hounds
  A bullfrog zombie (D:8)
  A jelly (D:9)
  4 orc wizards
  A bullfrog skeleton (D:5)
  3 centaur skeletons
  2 iguanas (D:9)
  9 worker ants
  A centaur simulacrum (D:10)
  2 bullfrog simulacra (D:10)
  12 gnolls (D:5)
  12 adders
  2 shadow imps
  A howler monkey simulacrum (D:10)
  An adder skeleton (D:8)
  3 worms
  5 dart slugs
  6 leopard geckos
  22 orcs
  4 giant cockroaches
  33 goblins
  21 hobgoblins
  5 quokkas
  4 ball pythons
  8 bats
  5 frilled lizards
  10 kobolds
  A quokka skeleton (D:4)
  9 rats
236 creatures vanquished.

Vanquished Creatures (collateral kills)
  A steam dragon (D:10)
  An ice beast (D:8)
  A wolf (D:8)
  An ogre (D:10)
  A hound (D:10)
  2 orc wizards (D:9)
  An iguana (D:8)
  2 orcs (D:10)
10 creatures vanquished.

Vanquished Creatures (others)
  An orc (D:7)
  A leopard gecko skeleton (D:7)
  4 fulminant prisms
6 creatures vanquished.

Grand Total: 252 creatures vanquished

Notes
Turn   | Place    | Note
-------+----------+-------------------------------------------
     0 | D:1      | KapersCrawl the Octopode Conjurer began the quest for the
                  | Orb.
     0 | D:1      | Reached XP level 1. HP: 11/11 MP: 3/3
   247 | D:1      | Reached XP level 2. HP: 17/17 MP: 1/5
   294 | D:1      | Learned a level 2 spell: Searing Ray
  1147 | D:2      | Reached XP level 3. HP: 21/21 MP: 4/6
  1408 | D:2      | Learned a level 3 spell: Dazzling Spray
  2175 | D:3      | Reached XP level 4. HP: 20/27 MP: 1/8
  2600 | D:3      | Reached skill level 1 in Hexes
  3215 | D:3      | Reached XP level 5. HP: 20/31 MP: 4/9
  3225 | D:3      | Learned a level 4 spell: Fulminant Prism
  3694 | D:4      | Found a shattered altar of Ashenzari.
  3694 | D:4      | Noticed an ogre
  3747 | D:4      | Noticed an ogre
  3882 | D:4      | Found a burning altar of Makhleb.
  3947 | D:4      | Reached XP level 6. HP: 32/36 MP: 3/10
  4016 | D:4      | Learned a level 1 spell: Animate Skeleton
  4037 | D:4      | Found a staircase to the Ecumenical Temple.
  4048 | Temple   | Entered the Ecumenical Temple
  4145 | Temple   | Became a worshipper of Gozag Ym Sagoz the Greedy
  4182 | D:5      | Entered Level 5 of the Dungeon
  4550 | D:5      | Reached skill level 5 in Hexes
  4660 | D:5      | Noticed Duvessa
  5127 | D:5      | Noticed Dowan
  5153 | D:5      | Killed Dowan
  5153 | D:5      | Reached XP level 7. HP: 32/41 MP: 7/11
  5165 | D:5      | Killed Duvessa
  5165 | D:5      | Reached skill level 5 in Conjurations
  7454 | D:6      | Reached skill level 5 in Stealth
  7454 | D:6      | Reached XP level 8. HP: 40/46 MP: 7/14
  7949 | D:6      | Found a blossoming altar of Fedhas.
  8480 | D:6      | Learned a level 2 spell: Call Imp
  8481 | D:7      | Noticed a hippogriff
  8555 | D:7      | Found a shimmering blue altar of Sif Muna.
  8677 | D:7      | Reached XP level 9. HP: 38/51 MP: 6/15
  8769 | D:7      | Reached skill level 1 in Slings
  8808 | D:7      | Found a sparkling altar of Nemelex Xobeh.
  9071 | D:7      | Found a stormy altar of Qazlal.
  9926 | D:7      | Bought a potion of agility for 56 gold pieces
  9926 | D:7      | Bought a potion of resistance for 140 gold pieces
 11175 | D:7      | Found a runed translucent door.
 11176 | D:7      | Noticed Crazy Yiuf
 11368 | D:8      | Upgraded the game from 0.24-a0-619-gb7544fd237 to
                  | 0.24-a0-630-g0d56a851f4
 11391 | D:8      | Reached skill level 1 in Summonings
 11499 | D:8      | Found a shadowy altar of Dithmenos.
 12006 | D:8      | Noticed Grum
 12030 | D:8      | Reached skill level 5 in Spellcasting
 12448 | D:8      | Reached XP level 10. HP: 24/56 MP: 10/18
 13095 | D:9      | Found a radiant altar of Vehumet.
 13273 | D:9      | Found a hide-covered altar of Uskayaw.
 13410 | D:9      | Reached skill level 1 in Throwing
 13865 | D:9      | Reached skill level 1 in Evocations
 14302 | D:10     | Entered Level 10 of the Dungeon
 14315 | D:10     | Learned a level 4 spell: Summon Lightning Spire
 14323 | D:10     | Found a runed translucent gate.
 14323 | D:10     | Found a runed translucent gate.
 14323 | D:10     | Found a runed translucent gate.
 14475 | D:10     | Noticed larifari's ghost (journeyman FoAM)
 15239 | D:8      | Found a shadowy altar of Dithmenos.
 15565 | D:8      | Killed Grum
 16339 | D:10     | Got the ring of Rukolel {Fire}
 16354 | D:10     | Identified the ring of Rukolel {Fire Int+3} (You found it
                  | on level 10 of the Dungeon)
 16619 | D:10     | Reached skill level 5 in Evocations
 16627 | D:10     | HP: 2/56 [something (15)]
 16627 | D:10     | Slain by a vampire

Levels and vault maps discovered:
D:1:      dpeg_arrival_another_circle, layout_basic
D:2:      cheibrodos_old_hovel, layout_basic
D:3:      layout_basic, interstate_on_off
D:4:      layout_gridville, makhleb_heckhound_becter,
          cheibrodos_ashenzari_chains, minmay_temple_entry_poolview,
          first_ration
D:5:      minmay_goblin_kobold_castle, layout_rooms, serial_bayou_pond_d,
          uniq_duvessa
D:6:      layout_loops_cross, nicolae_overflow_crystal_walls
D:7:      layout_loops_corners, old_standard_altar,
          nemelex_xobeh_ov_fountains_minmay, supply_closet_lemuel,
          grunt_qazlal_clouds, uniq_crazy_yiuf_cottage
D:8:      layout_loops_ring, nicolae_dithmenos_the_darkroom, uniq_grum
D:9:      layout_layer_cave, lemuel_doored_altar, vehumet_crystals
D:10:     layout_roguey, gammafunk_ghost_icy, hangedman_fish_farm
Temple:   nicolae_temple_great_sept

Skill      XL: |  1  2  3  4  5  6  7  8  9 10 |
---------------+-------------------------------+-----
Stealth        | 3 4 5 6 |  6.1
Spellcasting   | 3 4 5 6 |  6.0
Hexes          | 2 4 5 7 8 |  8.0
Conjurations   | 6 7 8 |  8.0
Slings         | 4 |  4.1
Summonings     | 3 4 |  4.2
Throwing       | 1 |  1.0
Evocations     | 5 |  5.0
Dodging        | |  2.0

Action                   |  1- 3 |  4- 6 |  7- 9 | 10-12 || total
-------------------------+-------+-------+-------+-------++-------
Melee: Unarmed           |     6 |       |       |       ||     6
       Constrict         |     6 |     7 |    17 |     8 ||    38
       Tentacles         |     3 |     6 |     9 |     8 ||    26
       Club              |    14 |     1 |       |       ||    15
       Mace              |       |    10 |       |       ||    10
       Trident           |       |    30 |       |       ||    30
       Halberd           |       |       |    29 |    37 ||    66
       Short sword       |       |       |    72 |    48 ||   120
 Fire: Hunting sling     |       |     5 |   185 |       ||   190
Throw: Javelin           |     1 |     4 |       |     1 ||     6
       Dart              |       |    24 |     1 |       ||    25
       Stone             |       |       |     1 |       ||     1
 Cast: Magic Dart        |    73 |    94 |    93 |    52 ||   312
       Searing Ray       |     2 |    12 |    32 |     1 ||    47
       Dazzling Spray    |       |       |     9 |     3 ||    12
       Call Imp          |       |       |     6 |    75 ||    81
       Fulminant Prism   |       |       |       |     4 ||     4
       Summon Lightning  |       |       |       |     2 ||     2
Invok: Call Merchant     |       |       |     1 |       ||     1
Evoke: Wand              |       |       |     1 |       ||     1
  Use: Scroll            |       |     4 |     9 |     2 ||    15
 Stab: Sleeping          |       |       |     3 |     3 ||     6
       Invisible         |       |       |     1 |       ||     1
       Paralysed         |       |       |     1 |       ||     1
       Distracted        |       |       |       |     1 ||     1
  Eat: Chunk             |     4 |     7 |       |       ||    11
       Ration            |       |     1 |     7 |     4 ||    12
Armor: Skin              |     2 |     2 |     7 |     4 ||    15
Dodge: Dodged            |    18 |    52 |   140 |    86 ||   296

Table legend:
 A = Non-vault XP
 B = Vault XP
 C = Vault XP percentage of total XP
 D = Non-vault monster count
 E = Vault monster count
 F = Vault count percentage of total count
                 A         B        C        D         E       F
            +---------+---------+-------+---------+---------+-------
      Total |    5441 |    1431 |  20.8 |     172 |      74 |  30.1
            +---------+---------+-------+---------+---------+-------
        D:1 |      24 |       0 |   0.0 |      14 |       0 |   0.0
        D:2 |      32 |       1 |   3.0 |      18 |       1 |   5.3
        D:3 |     140 |       0 |   0.0 |      29 |       0 |   0.0
        D:4 |     397 |      42 |   9.6 |      11 |       1 |   8.3
        D:5 |     239 |     460 |  65.8 |      13 |      61 |  82.4
        D:6 |     821 |       0 |   0.0 |      22 |       0 |   0.0
        D:7 |    1498 |       0 |   0.0 |      25 |       0 |   0.0
        D:8 |    1027 |     589 |  36.4 |      15 |       5 |  25.0
        D:9 |     801 |     136 |  14.5 |      18 |       1 |   5.3
       D:10 |     462 |     203 |  30.5 |       7 |       5 |  41.7
            +---------+---------+-------+---------+---------+-------
